 Dungeon Crawl Stone Soup version 0.23.2-33-g5129a83184 (webtiles) character file.

Game seed: 11931336029011502660

826 Derp the Slasher (level 7, 0/53 HPs)
             Began as a Demonspawn Gladiator on July 23, 2019.
             Killed from afar by Ijyb (20 damage)
             ... with a wand of acid (3)
             ... on level 5 of the Dungeon.
             The game lasted 00:12:03 (3763 turns).

Derp the Slasher (Demonspawn Gladiator)             Turns: 3763, Time: 00:12:04

Health: 0/53       AC:  4    Str: 14    XL:     7   Next: 64%
Magic:  7/7        EV: 18    Int:  9    God:
Gold:   227        SH:  7    Dex: 17    Spells: 6/6 levels left

rFire    + . .     SeeInvis .   a - +0 long sword
rCold    + + .     Gourm    .   t - +0 shield
rNeg     . . .     Faith    .   n - +1 robe {MR+}
rPois    .         Spirit   .   (helmet restricted)
rElec    .         Reflect  .   (no cloak)
rCorr    .         Harm     .   (no gloves)
MR       ++...                  r - +0 pair of boots
Stlth    ++........             e - amulet of regeneration
HPRegen  0.57/turn              q - ring of protection from cold
MPRegen  0.10/turn              c - ring "Paihafip" {rC+ MR+ EV+6}

@: no status effects
A: horns 2, fire resistance 1, ignite blood, flame cloud immunity
a: no special abilities


You were on level 5 of the Dungeon.
You were hungry.

You visited 1 branch of the dungeon, and saw 5 of its levels.

You collected 227 gold pieces.

Inventory:

Hand Weapons
 a - a +0 long sword (weapon)
 u - a +0 short sword of electrocution
 w - a +2 dagger of draining
 y - a +1 vampiric dagger
Missiles
 d - 3 throwing nets (quivered)
Armour
 n - a +1 robe of magic resistance (worn)
 r - a +0 pair of boots (worn)
 t - a +0 shield (worn)
Jewellery
 c - the ring "Paihafip" (right hand) {rC+ MR+ EV+6}
   (You took it off an orc wizard on level 5 of the Dungeon)

   [ring of evasion]

   It affects your evasion (+6).
   It protects you from cold.
   It affects your resistance to hostile enchantments.
 e - an amulet of regeneration (around neck)
 l - an uncursed ring of teleportation
 q - a ring of protection from cold (left hand)
Wands
 x - a wand of polymorph (1)
Scrolls
 i - 3 scrolls of remove curse
 k - 3 scrolls of identify
 s - 2 scrolls of teleportation
 z - 4 scrolls of immolation
 D - a scroll of random uselessness {unknown}
Potions
 b - a potion of berserk rage {unknown}
 g - a potion of agility {unknown}
 h - a potion of lignification {unknown}
 j - a potion of curing
 m - a potion of invisibility {unknown}
 o - a potion of degeneration {unknown}
 p - a potion of heal wounds {unknown}
 v - a potion of might {unknown}
 B - a potion of flight {unknown}
 C - a potion of mutation {unknown}
Comestibles
 f - 14 rations


   Skills:
 + Level 3.6 Fighting
 + Level 6.2 Long Blades
 + Level 1.8 Throwing
 + Level 2.0 Armour
 + Level 4.7 Dodging
 + Level 1.0 Stealth


You had 6 spell levels left.
You didn't know any spells.
Your spell library contained the following spells:

 Spells                   Type           Power        Failure   Level  Hunger
 Beastly Appendage        Tmut           #.....       96%         1    ##.....
 Sticks to Snakes         Tmut           #.......     99%         2    ###....
 Spider Form              Tmut/Pois      #.........   100%        3    ####...
 Ice Form                 Ice/Tmut       #.......     100%        4    #####..
 Blade Hands              Tmut           #.........   100%        5    ######.


Dungeon Overview and Level Annotations

Branches:
Dungeon (5/15)
 Temple: D:4-7

Altars:
Hepliaklqana
Ru
Trog
Yredelemnul

Annotations:
D:5 Ijyb


Innate Abilities, Weirdness & Mutations

You have a pair of horns on your head.
Your flesh is heat resistant. (rF+)
Your demonic aura causes spilled blood to erupt in flames.
You are immune to clouds of flame.


Message History

Ijyb screams, "I dance on your bones!"
Ijyb zaps a wand.
The bolt of acid hits you!!
You are splashed with acid!
You completely miss Ijyb. You headbutt Ijyb!
Ijyb is moderately wounded.
Ijyb screams, "Me stronger than you!"
Ijyb zaps a wand.
The bolt of acid misses you.
Ijyb screams, "Die!"
Ijyb misses you.
You riposte.
You closely miss Ijyb. Your headbutt misses Ijyb.
Ijyb is moderately wounded.
You closely miss Ijyb.
Ijyb is moderately wounded.
Ijyb hits you but does no damage.
You closely miss Ijyb. You headbutt Ijyb, but do no damage.
Ijyb is moderately wounded.
Ijyb misses you.
You riposte.
You hit Ijyb.
Ijyb is heavily wounded.
You closely miss Ijyb. You headbutt Ijyb, but do no damage.
Ijyb is heavily wounded.
Ijyb zaps a wand.
The bolt of acid hits you!!
You die...

####.[g#.#.###..#).
#......#.#.####....
#.#....#.#.## ##...
#...#..#.#.## ##..
###...#..#§#.## #..
#...#.#..#§°.######..
#.....#..#####.......
#..g###...##..#####..
#!..@......(.## #..
#.....###...#### #..
###...# #...# ###
#...# ##### #####


You could see Ijyb.

Vanquished Creatures
  A phantom (D:4)
  An ogre (D:4)
  A howler monkey (D:4)
  A crimson imp (D:4)
  A jelly (D:5)
  A hound (D:4)
  4 orc wizards
  Terence (D:2)
  Jessica (D:3)
  2 iguanas
  Natasha (twice) (D:2)
  A hound skeleton (D:2)
  A gnoll (D:3)
  10 adders
  2 shadow imps (D:5)
  2 oozes (D:4)
  3 worms
  2 dart slugs (D:1)
  5 leopard geckos
  8 orcs
  9 bats
  4 giant cockroaches
  5 goblins
  10 hobgoblins
  4 jackals (D:2)
  3 quokkas
  2 ball pythons (D:1)
  6 frilled lizards
  A jackal skeleton (D:4)
  11 kobolds
  A leopard gecko skeleton (D:5)
  10 rats
116 creatures vanquished.

Notes
Turn   | Place    | Note
-------+----------+-------------------------------------------
     0 | D:1      | Derp the Demonspawn Gladiator began the quest for the Orb.
     0 | D:1      | Reached XP level 1. HP: 16/16 MP: 1/1
    65 | D:1      | Reached skill level 3 in Long Blades
    65 | D:1      | Gained mutation: Your flesh is heat resistant. (rF+)
                  | [demonic ancestry]
    65 | D:1      | Reached XP level 2. HP: 7/22 MP: 2/2
   750 | D:2      | Noticed Terence
   758 | D:2      | Reached XP level 3. HP: 18/27 MP: 3/3
   773 | D:2      | Killed Terence
   820 | D:2      | Gained mutation: You have a pair of small horns on your
                  | head. [demonic ancestry]
   820 | D:2      | Reached XP level 4. HP: 33/33 MP: 4/4
   887 | D:2      | Reached skill level 1 in Armour
  1090 | D:2      | Noticed Natasha
  1093 | D:2      | Killed Natasha
  1093 | D:2      | Reached skill level 4 in Long Blades
  1208 | D:2      | Gained mutation: You have a pair of horns on your head.
                  | [demonic ancestry]
  1208 | D:2      | Reached XP level 5. HP: 36/39 MP: 5/5
  1284 | D:2      | Noticed Natasha
  1296 | D:2      | Killed Natasha
  1313 | D:2      | Found a faded altar of an unknown god.
  1493 | D:3      | Found a basalt altar of Yredelemnul.
  1823 | D:3      | Noticed Jessica
  1836 | D:3      | Killed Jessica
  1836 | D:3      | Gained mutation: You are immune to clouds of flame.
                  | [demonic ancestry]
  1836 | D:3      | Reached XP level 6. HP: 42/46 MP: 6/6
  2464 | D:4      | Found a bloodstained altar of Trog.
  2752 | D:4      | Reached skill level 5 in Long Blades
  2852 | D:4      | Gained mutation: Your demonic aura causes spilled blood to
                  | erupt in flames. [demonic ancestry]
  2852 | D:4      | Reached XP level 7. HP: 50/52 MP: 7/7
  2939 | D:4      | Found a hazy altar of Hepliaklqana.
  3023 | D:4      | Found a sacrificial altar of Ru.
  3442 | D:5      | Entered Level 5 of the Dungeon
  3523 | D:5      | Reached skill level 1 in Stealth
  3544 | D:5      | Identified the ring "Paihafip" {rC+ MR+ EV+6}
  3569 | D:5      | Reached skill level 6 in Long Blades
  3706 | D:5      | Noticed Ijyb
  3763 | D:5      | Killed from afar by Ijyb

Skill      XL: |  1  2  3  4  5  6  7 |
---------------+----------------------+-----
Long Blades    | 3 4 5 6 |  6.2
Dodging        | 3 4 |  4.7
Armour         | 1 2 |  2.0
Fighting       | 3 |  3.6
Stealth        | 1 |  1.0
Throwing       | |  1.8

Action                   |  1- 3 |  4- 6 |  7- 9 || total
-------------------------+-------+-------+-------++-------
Melee: Long sword        |    90 |   231 |    62 ||   383
       Headbutt          |       |    39 |    14 ||    53
  Use: Scroll            |       |     4 |     1 ||     5
  Eat: Chunk             |       |     6 |     3 ||     9
Armor: Leather armour    |    41 |    11 |       ||    52
       Robe              |       |    42 |    10 ||    52
Dodge: Dodged            |    90 |   182 |    32 ||   304
Block: Shield            |       |       |     3 ||     3
       Rpst.: Long sword |    25 |    55 |    11 ||    91
